 Dungeon Crawl Stone Soup version 0.30-a0-996-ga6910c8ee8 (webtiles) character file.

Game seed: 11893116562016611178

161 Maxmaps the Changer (level 5, -1/37 HPs)
             Began as a Demonspawn Transmuter on Apr 4, 2023.
             Slain by a kobold brigand
             ... wielding a +0 whip
              (8 damage)
             ... on level 4 of the Dungeon.
             The game lasted 00:05:15 (3284 turns).

Maxmaps the Changer (Demonspawn Transmuter)         Turns: 3284, Time: 00:05:16

Health: -1/37      AC:  2    Str: 10    XL:     5   Next: 19%
Magic:  7/8        EV: 19    Int: 16    God:
Gold:   123        SH:  0    Dex: 19    Spells: 4/8 levels left

rFire   . . .      SeeInvis .      - Unarmed
rCold   . . .      Faith    .    (shield currently unavailable)
rNeg    . . .      Spirit   .    a - melded +0 robe
rPois   x          Reflect  .    (helmet currently unavailable)
rElec   .          Rampage  .    (cloak currently unavailable)
rCorr   +                        (gloves currently unavailable)
Will    .....                    (boots currently unavailable)
Stlth   ++                       (no amulet)
HPRegen 0.26/turn                k - ring of resist corrosion
MPRegen 0.22/turn                (no ring)

@: lethally poisoned (-1 -> -3), spider-form (expiring)
A: venomous fangs, tiny, magic regeneration, (demonic touch 1)
a: End Transformation


You were on level 4 of the Dungeon.
You were a venomous arachnid creature.
You visited 1 branch of the dungeon, and saw 4 of its levels.

You collected 145 gold pieces.
You spent 22 gold pieces at shops.

Inventory:

Missiles
 i - a throwing net
Armour
 a - a +0 robe (melded)
 o - a +0 helmet
Jewellery
 c - a +4 ring of protection
 k - a ring of resist corrosion (left front pincers)
Scrolls
 d - 3 scrolls of teleportation {unknown}
 g - a scroll of immolation {unknown}
 l - a scroll of poison {unknown}
 m - a scroll of vulnerability {unknown}
 n - a scroll of torment {unknown}
 p - a scroll of enchant armour {unknown}
 q - 3 scrolls of magic mapping {unknown}
Potions
 b - a potion of lignification
 e - a potion of flight
 f - a potion of heal wounds
 h - a potion of curing {unknown}
 j - a potion of berserk rage {unknown}
 r - a potion of ambrosia {unknown}


   Skills:
 - Level 1.0 Fighting
 - Level 1.7 Dodging
 - Level 2.6 Unarmed Combat
 - Level 2.0 Spellcasting
 + Level 3.9 Transmutations
 - Level 3.0 Poison Magic


You had 4 spell levels left.
You knew the following spells:

 Your Spells              Type           Power      Damage    Failure   Level
a - Beastly Appendage     Tmut           28%        N/A       13%         1
b - Spider Form           Tmut/Pois      12%        N/A       32%         3

Your spell library contained the following spells:

 Spells                   Type           Power      Damage    Failure   Level
 Wereblood                Tmut           14%        N/A       17%         2
 Passwall                 Tmut/Erth      5%         N/A       32%         2
 Sandblast                Erth           2%         2d4       41%         1
 Stone Arrow              Conj/Erth      2%         3d7       73%         3
 Ice Form                 Ice/Tmut       7%         N/A       85%         4
 Chain Lightning          Conj/Air       0%         2d1       100%        9
 Fire Storm               Conj/Fire      0%         6d1       100%        9
 Shatter                  Erth           0%         3d5*      100%        9


Dungeon Overview and Level Annotations

Branches:
Dungeon (4/15)
 Temple: D:4-7

Altars:
Cheibriados

Shops:
D:2 *

Annotations:
D:3 1 runed translucent door, osoart's ghost, weakling DrTm


Innate Abilities, Weirdness & Mutations

You are a venomous arachnid creature.
You have venomous fangs.
You are tiny and dextrous.
Your spellcasting is less reliable in this form.
Your armour is entirely melded.
You are incapable of wielding weapons or throwing items.
You regenerate magic rapidly.
((Your touch may inflict minor irresistible damage on your foes.))


Message History

You are poisoned.
There is a stone staircase leading up here.
You feel very sick.
You feel very sick.
You barely miss the kobold brigand.
You feel very sick.
The kobold brigand completely misses you.
The kobold closely misses you.
You hit the kobold brigand.
The kobold brigand is poisoned.
The kobold brigand is lightly wounded.
You feel sick.
The kobold brigand hits you with a +0 whip!
The kobold barely misses you.
You are too injured to fight recklessly!
You hit the kobold.
The kobold is poisoned.
The kobold is heavily wounded.
Your transformation is almost over.
You feel sick. The kobold brigand closely misses you.
The kobold hits you with a +0 whip.
* * * LOW HITPOINT WARNING * * *
You hit the kobold.
You kill the kobold!
* * * LOW HITPOINT WARNING * * *
You feel sick. The gnoll misses you. The kobold brigand closely misses you.
You feel much better.
You feel sick.
The gnoll hits you from afar with a +0 spear!
The kobold brigand hits you with a +0 whip.
Okay, then.
You closely miss the kobold brigand.
The kobold brigand is lightly wounded.
You feel sick. The gnoll misses you. The kobold brigand closely misses you.
You barely miss the kobold brigand.
The kobold brigand is lightly wounded.
You feel sick. The gnoll closely misses you.
The kobold brigand hits you with a +0 whip.
* * * LOW HITPOINT WARNING * * *
Unknown command.
The kobold brigand attacks as you move away!
The kobold brigand hits you with a +0 whip!
You die...

..........................
.......#........###......#
#....#.######## ######.#
#......# #.# ##....## #.#
#....# ###.. #....#####
###....
#...<....########.....#
#.....sKg...........###
#......)...........##
##........###########
##........## .#........##
..........# ..........#
#######...# #...##


You could see a kobold brigand (poisoned) and a gnoll.

Vanquished Creatures
  Jessica (D:2)
  3 gnolls (D:4)
  An adder (D:3)
  2 worms
  3 dart slugs
  7 orcs (D:3)
  3 bats
  8 endoplasms
  2 giant cockroaches (D:3)
  6 hobgoblins
  2 jackals (D:1)
  2 quokkas (D:1)
  5 ball pythons
  6 frilled lizards
  4 goblins
  20 kobolds
  5 rats
80 creatures vanquished.

Vanquished Creatures (others)
  2 withered plants (D:3)
2 creatures vanquished.

Grand Total: 82 creatures vanquished

Notes
Turn   | Place    | Note
-------+----------+-------------------------------------------
     0 | D:1      | Maxmaps the Demonspawn Transmuter began the quest for the
                  | Orb.
     0 | D:1      | Reached XP level 1. HP: 15/15 MP: 3/3
   316 | D:1      | Gained mutation: Your touch may inflict minor irresistible
                  | damage on your foes. [demonic ancestry]
   316 | D:1      | Reached XP level 2. HP: 21/21 MP: 5/5
   826 | D:2      | Gained mutation: You regenerate magic rapidly. [demonic
                  | ancestry]
   826 | D:2      | Reached XP level 3. HP: 21/26 MP: 4/6
   855 | D:2      | Learned a level 3 spell: Spider Form
  1082 | D:2      | Noticed Jessica
  1094 | D:2      | Killed Jessica
  1095 | D:2      | Reached skill level 1 in Poison Magic
  1325 | D:2      | Found Viku's General Store.
  1328 | D:2      | Bought a scroll of identify for 22 gold pieces
  1427 | D:3      | Reached XP level 4. HP: 22/32 MP: 7/7
  1631 | D:3      | Found a snail-covered altar of Cheibriados.
  1946 | D:3      | Found a runed translucent door.
  1947 | D:3      | Noticed osoart's ghost (weakling DrTm)
  2977 | D:4      | Reached XP level 5. HP: 25/37 MP: 5/8
  3284 | D:4      | Slain by a kobold brigand

Illustrated notes

Levels and vault maps discovered:
D:1:      dpeg_arrival_arbitrary_b, layout_basic
D:2:      layout_basic, serial_shops, nicolae_shop_behind_doors, uniq_jessica
D:3:      layout_basic, cheibrodos_worm_habitat, gammafunk_ghost_grave
D:4:      minmay_goblin_kobold_castle, layout_layer_cave,
          mainiacjoe_overflow_six_doors_small, uniq_duvessa

Skill      XL: |  1  2  3  4 |
---------------+-------------+-----
Transmutations | 2 3 |  3.9
Poison Magic   | 2 3 |  3.0
Fighting       | |  1.0
Dodging        | |  1.7
Unarmed Combat | |  2.6
Spellcasting   | |  2.0

Action                     |  1- 3 |  4- 6 || total
---------------------------+-------+-------++-------
  Melee: Unarmed           |    75 |   128 ||   203
         Kick              |     9 |     1 ||    10
         Headbutt          |     8 |     1 ||     9
         Touch             |    13 |     1 ||    14
   Cast: Beastly Appendage |    17 |     1 ||    18
         Spider Form       |       |    24 ||    24
    Use: Scroll            |     2 |       ||     2
         Potion            |       |     1 ||     1
   Stab: Sleeping          |     2 |       ||     2
 Armour: Robe              |     8 |     2 ||    10
         Skin              |       |     6 ||     6
  Dodge: Dodged            |    34 |   104 ||   138

Table legend: (Time is in decaauts)
 A = Elapsed time spent in this place.
 B = Non-inter-level travel time spent in this place.
 C = Inter-level travel time spent in this place.
 D = Time resting spent in this place.
 E = Time spent auto-exploring this place.
 F = Levels seen in this place.
 G = Mean time per level.
                   A        B        C        D        E       F      G
               +--------+--------+--------+--------+--------+-----+--------+
         Total |   3284 |   3232 |     52 |    454 |   2190 |   4 |  821.0 |
       Dungeon |   3284 |   3232 |     52 |    454 |   2190 |   4 |  821.0 |
               +--------+--------+--------+--------+--------+-----+--------+

Top non-repeatable levels by time:
     D:3: 1433 daAuts
     D:2: 765 daAuts
     D:1: 649 daAuts
     D:4: 436 daAuts
